Map: Taito Citadel LE

Players

HoldTheDoor - Winner!

  • Race: Protoss Protoss
  • League: Diamond
  • Spawn Location: 11:00

arni

  • Race: Zerg Zerg
  • League: Diamond
  • Spawn Location: 5:00

VOD

Have the link to the VOD?

Description

Time

  • Played on: May 23, 2026, 1:37 p.m.
  • Length: 20:35
Show
View Real Time Build Order
Export as new Build Order

HoldTheDoor Protoss - Winner!

Build Orders: 1 Gate Expand 

Get SALT Encoding   

  12  0:00  Probe  
  13  0:12  Probe  
  14  0:22  Pylon  
  14  0:24  Probe  
  15  0:36  Probe  
  15  0:41  Gateway  
  16  0:45  Probe  
  17  0:53  Assimilator  
  17  0:55  Probe  
  18  1:08  Probe  
  19  1:23  Nexus  
  19  1:33  Cybernetics Core  
  19  1:36  Probe  
  20  1:42  Pylon  
  20  1:48  Probe  
  21  1:59  Assimilator  
  21  2:00  Probe  
  22  2:06  Stalker  
  22  2:10  Warp Gate  
  22  2:15  Probe  
  25  2:27  Probe  
  26  2:37  Gateway  
  26  2:39  Probe  
  26  2:40  Stalker  
  29  2:49  Probe  
  30  2:52  Probe, Pylon  
  30  2:58  Assimilator  
  31  3:01  Stargate  
  31  3:04  Probe  
  32  3:11  Probe  
  33  3:17  Probe  
  34  3:20  Sentry  
  34  3:23  Probe  
  37  3:29  Assimilator, Probe  
  38  3:35  Probe  
  38  3:40  Pylon  
  39  3:41  Probe  
  39  3:43  Shield Battery  
  39  3:47  Probe  
  41  3:50  Void Ray  
  41  3:53  Probe  
  46  4:10  Probe  
  46  4:17  Stalker  
  49  4:18  Stalker  
  49  4:19  Probe  
  49  4:23  Void Ray  
  52  4:26  Pylon  
  56  4:41  Stalker x2  
  56  4:43  Probe  
  61  4:49  Pylon  
  61  4:50  Shield Battery  
  61  4:51  Probe  
  62  4:55  Gateway  
  62  4:57  Gateway  
  62  5:06  Void Ray  
  66  5:09  Probe x2  
  68  5:18  Zealot x2  
  72  5:21  Probe  
  72  5:28  Probe  
  74  5:38  Phoenix  
  74  5:44  Probe  
  77  5:54  Forge  
  77  5:57  Pylon  
  77  6:01  Pylon  
  77  6:04  Pylon  
  77  6:14  Phoenix  
  77  6:15  Nexus  
  77  6:16  Protoss Ground Weapons Level 1, Pylon  
  79  6:22  Stalker  
  79  6:23  Stalker x3  
  87  6:31  Photon Cannon  
  87  6:32  Pylon  
  87  6:35  Shield Battery  
  87  6:39  Photon Cannon  
  87  6:45  Probe x2  
  87  6:47  Photon Cannon  
  87  6:57  Probe  
  88  7:04  Phoenix  
  88  7:08  Photon Cannon  
  90  7:12  Photon Cannon  
  90  7:14  Photon Cannon  
  90  7:15  Pylon, Probe x2  
  91  7:20  Photon Cannon  
  92  7:22  Shield Battery  
  92  7:26  Pylon  
  92  7:28  Probe  
  93  7:31  Probe  
  93  7:36  Probe  
  95  7:40  Pylon  
  95  7:43  Twilight Council  
  95  7:46  Pylon  
  95  7:47  Probe  
  96  7:52  Phoenix  
  96  7:57  Probe x2, Protoss Ground Armor Level 1  
  100  8:00  Photon Cannon  
  100  8:04  Photon Cannon  
  100  8:07  Pylon  
  100  8:09  Shield Battery  
  100  8:11  Probe  
  101  8:21  Photon Cannon  
  101  8:25  Stalker x3  
  103  8:29  Blink  
  99  8:35  Stalker  
  99  8:36  Probe  
  99  8:38  Gateway  
  99  8:41  Gateway  
  102  8:43  Photon Cannon  
  102  8:45  Pylon  
  102  8:48  Probe  
  103  8:50  Pylon  
  103  8:52  Phoenix  
  105  8:57  Probe  
  105  8:58  Probe  
  107  9:07  Templar Archives  
  107  9:09  Photon Cannon  
  107  9:11  Probe x2  
  107  9:13  Photon Cannon  
  107  9:17  Stalker x3  
  111  9:18  Sentry  
  111  9:21  Assimilator  
  117  9:24  Assimilator  
  117  9:28  Photon Cannon  
  117  9:34  Protoss Air Weapons Level 1  
  117  9:35  Probe  
  118  9:38  Phoenix  
  120  9:47  High Templar x3, Stargate  
  120  9:48  High Templar x2  
  130  9:52  High Templar  
  130  9:54  Archon  
  130  9:55  Archon  
  132  10:02  Probe  
  133  10:10  Photon Cannon  
  133  10:12  Photon Cannon  
  133  10:13  Pylon  
  133  10:15  Shield Battery  
  133  10:18  Photon Cannon  
  133  10:20  Stalker x4  
  133  10:21  Stalker  
  143  10:25  Stalker  
  145  10:52  Pylon  
  145  10:53  Nexus  
  145  10:54  Pylon  
  145  10:59  High Templar  
  145  11:00  High Templar x4  
  155  11:07  Archon x2  
  155  11:12  Psionic Storm  
  155  11:18  Protoss Ground Armor Level 2  
  155  11:22  Gateway  
  155  11:23  Gateway  
  155  11:24  Gateway  
  155  11:28  Gateway x2  
  155  11:32  Gateway  
  155  11:34  Gateway  
  155  11:36  Pylon, Gateway  
  155  11:37  Charge, Gateway  
  155  11:39  Pylon  
  155  11:41  Gateway  
  155  11:43  Zealot  
  155  11:44  Zealot x2, Pylon  
  155  11:46  Pylon, Sentry  
  163  11:50  Phoenix  
  163  11:52  Assimilator  
  165  11:55  Assimilator  
  165  11:56  Protoss Ground Weapons Level 2  
  165  12:03  Forge  
  165  12:08  Pylon  
  165  12:19  Zealot x6  
  165  12:20  Zealot  
  165  12:22  Zealot  
  181  12:25  Zealot  
  183  12:30  Pylon  
  183  12:40  Probe x3  
  183  12:41  Probe  
  187  12:50  High Templar x4  
  187  12:51  High Templar x2  
  197  12:55  Archon x2  
  197  12:56  Archon  
  199  13:17  Pylon  
  199  13:20  Pylon  
  199  13:22  Photon Cannon  
  199  13:25  Photon Cannon  
  199  13:27  Photon Cannon  
  199  13:28  Photon Cannon  
  199  13:29  Protoss Ground Armor Level 3  
  199  13:34  Pylon  
  199  13:36  Pylon  
  199  13:39  Protoss Air Armor Level 1, Fleet Beacon, Pylon  
  199  13:41  Pylon  
  199  14:04  Robotics Facility  
  199  14:05  Photon Cannon  
  199  14:07  Photon Cannon  
  87  15:14  Zealot x4  
  87  15:15  Zealot x7  
  87  15:16  Zealot x5  
  87  15:18  Carrier  
  87  15:19  Carrier  
  127  15:36  Observer  
  128  15:48  Stalker x2  
  128  15:49  Stalker x10  
  152  15:50  Stalker x4  
  152  15:53  Protoss Ground Weapons Level 3  
  160  16:14  Observer  
  161  16:26  Nexus, Stalker x3  
  161  16:27  Stalker  
  161  16:28  Pylon  
  161  16:30  Pylon  
  161  16:32  Pylon, Immortal  
  168  16:34  Assimilator  
  168  16:36  Assimilator  
  168  16:37  Tempest  
  158  16:46  Probe  
  158  16:47  Probe  
  160  16:57  High Templar  
  160  16:58  High Templar x7  
  160  16:59  High Templar x5  
  186  17:02  Archon  
  186  17:03  Archon x3  
  186  17:29  Void Ray x2  
  192  17:40  Stalker x4  
  184  18:01  Stalker  
  186  18:08  Pylon  
  186  18:09  Pylon x2  
  186  18:12  Void Ray x2  
  194  18:23  Zealot x3  
  196  18:34  Observer  
  197  19:09  Zealot x2  
  199  19:11  Photon Cannon  
  199  19:14  Pylon  
  197  19:35  Probe x3  
  197  19:37  Photon Cannon  
  196  19:38  Photon Cannon  
  196  19:40  Photon Cannon  
  196  19:43  Pylon  
  196  19:46  Pylon  
  196  19:50  Pylon  
  174  20:15  Stalker x13  
Show
View Real Time Build Order
Export as new Build Order

arni Zerg 

Build Orders: Hatch First, Lurkers 

Get SALT Encoding   

  12  0:00  Drone  
  13  0:14  Drone  
  14  0:18  Overlord  
  14  0:36  Extractor  
  14  0:37  Drone x3  
  16  0:53  Hatchery  
  15  1:00  Drone x2  
  17  1:15  Spawning Pool  
  17  1:17  Drone  
  17  1:20  Drone  
  18  1:31  Drone  
  19  1:43  Overlord  
  19  1:53  Drone  
  20  2:03  Drone  
  20  2:04  Queen  
  20  2:06  Queen  
  25  2:10  Metabolic Boost  
  25  2:15  Zergling x2  
  26  2:18  Drone  
  26  2:20  Drone  
  28  2:24  Drone  
  28  2:27  Drone  
  30  2:30  Extractor  
  29  2:37  Extractor  
  29  2:39  Drone x2  
  30  2:54  Drone x2  
  30  2:58  Hatchery  
  31  3:10  Roach Warren  
  30  3:16  Drone  
  30  3:17  Drone x3  
  34  3:21  Drone x2  
  36  3:40  Overlord x3  
  36  3:54  Lair  
  36  4:01  Roach x5  
  36  4:02  Roach x2  
  50  4:09  Roach  
  53  4:10  Roach  
  53  4:19  Queen  
  53  4:23  Drone x2  
  57  4:41  Drone  
  58  4:53  Spire  
  58  4:54  Queen, Extractor  
  58  4:57  Drone x3  
  58  4:58  Drone x4  
  65  5:03  Extractor  
  64  5:16  Extractor  
  63  5:24  Drone x3  
  66  5:31  Overlord x4  
  66  6:01  Mutalisk  
  66  6:02  Mutalisk x7  
  82  6:04  Mutalisk  
  82  6:10  Overseer  
  84  6:14  Mutalisk  
  84  6:15  Mutalisk  
  88  6:20  Mutalisk  
  88  7:10  Corruptor  
  88  7:11  Corruptor x4  
  88  7:15  Overlord x4  
  98  7:20  Glial Reconstitution  
  98  7:31  Zerg Flyer Weapons Level 1  
  98  7:34  Spire  
  97  7:39  Hydralisk Den  
  96  7:46  Overlord  
  96  7:47  Drone  
  96  7:48  Drone x3  
  96  7:49  Drone  
  101  7:55  Drone x2  
  103  7:59  Infestation Pit  
  102  8:09  Lurker Den  
  61  8:43  Zerg Flyer Armor Level 1  
  61  8:44  Muscular Augments, Hydralisk  
  61  8:45  Hydralisk x7  
  77  9:02  Drone  
  78  9:03  Drone x8  
  86  9:15  Lurker x5  
  91  9:32  Drone  
  91  9:33  Drone x10  
  102  9:41  Hive  
  102  9:52  Hatchery  
  101  10:16  Hatchery  
  101  10:19  Evolution Chamber  
  99  10:22  Hydralisk x8  
  99  10:23  Hydralisk  
  99  10:24  Evolution Chamber  
  116  10:31  Zerg Flyer Weapons Level 2  
  116  10:44  Zergling x4  
  116  10:45  Zergling x6  
  121  10:50  Zerg Missile Weapons Level 1  
  121  10:51  Zerg Ground Armor Level 1  
  121  10:54  Zerg Flyer Armor Level 2  
  121  11:08  Drone  
  121  11:09  Drone x14  
  136  11:28  Seismic Spines  
  136  11:29  Hydralisk  
  136  11:30  Hydralisk x2  
  142  11:34  Adrenal Glands  
  142  11:37  Microbial Shroud  
  142  11:42  Overlord x3  
  142  11:43  Overlord  
  142  11:57  Spine Crawler  
  142  11:59  Spine Crawler  
  140  12:01  Spine Crawler, Extractor  
  140  12:03  Spore Crawler  
  140  12:04  Spine Crawler  
  140  12:05  Spine Crawler  
  140  12:06  Extractor  
  134  12:09  Queen  
  134  12:10  Spore Crawler  
  134  12:12  Spore Crawler  
  134  12:14  Corruptor  
  136  12:16  Hydralisk x5  
  146  12:23  Baneling Nest  
  146  12:25  Adaptive Talons  
  145  12:30  Spore Crawler  
  145  12:33  Spore Crawler  
  145  12:36  Grooved Spines  
  143  12:38  Hydralisk  
  143  12:39  Hydralisk x4  
  143  12:41  Spore Crawler  
  152  12:53  Drone x6  
  158  13:08  Zerg Missile Weapons Level 2  
  158  13:09  Zerg Ground Armor Level 2  
  158  13:10  Hydralisk  
  158  13:11  Hydralisk x3  
  166  13:18  Overlord x6  
  166  13:39  Overseer  
  166  13:52  Hydralisk  
  166  13:53  Corruptor  
  166  13:54  Corruptor x8  
  186  13:57  Lurker x2  
  186  13:58  Lurker x3  
  191  14:31  Unknown  
  117  14:59  Corruptor x11  
  117  15:00  Corruptor x4  
  135  15:19  Corruptor  
  137  15:21  Mutalisk  
  137  15:22  Mutalisk  
  118  16:05  Zerg Flyer Armor Level 3  
  118  16:08  Greater Spire  
  97  16:46  Hatchery  
  90  17:08  Corruptor  
  90  17:09  Corruptor x2  
  87  17:16  Hydralisk  
  87  17:17  Hydralisk x10  
  112  17:33  Hydralisk  
  112  17:34  Hydralisk x2  
  104  18:00  Brood Lord x3  
  108  18:11  Hydralisk x3  
  108  18:12  Hydralisk  
  116  18:29  Hatchery  
  106  19:09  Hydralisk x7  
  102  19:40  Zergling x2  
  102  19:41  Zergling x14  
  102  19:43  Zergling x2  
Tags
 
Add a new tag
Caveats
  • Supply blocks, unpowered buildings, or Contaminate may cause inaccurate times.
  • Supply counts are checked every 10 seconds.